 Dungeon Crawl Stone Soup version 0.26.1-10-gdfb7c7de75 (webtiles) character file.

Game seed: 11134610233974362113

533 phalm the Bolt Thrower (level 7, -1/41 HPs)
             Began as a Kobold Hunter on Apr 3, 2021.
             Was an Initiate of Okawaru.
             Slain by a sky beast (6 damage)
             ... on level 5 of the Dungeon.
             The game lasted 00:14:32 (6131 turns).

phalm the Bolt Thrower (Kobold Hunter)              Turns: 6131, Time: 00:14:32

Health: -1/41      AC:  4    Str:  9    XL:     7   Next: 49%
Magic:  17/17      EV: 16    Int: 12    God:    Okawaru [......]
Gold:   290        SH: 10    Dex: 18    Spells: 6/8 levels left

rFire    . . .     SeeInvis .   b - +0 short sword
rCold    . . .     Faith    .   j - +0 buckler
rNeg     . . .     Spirit   .   c - +0 leather armour
rPois    .         Reflect  +   (no helmet)
rElec    .         Harm     .   v - +0 cloak
rCorr    .         Rampage  .   (no gloves)
Will     .....                  (no boots)
Stlth    +++.......             i - amulet of reflection
HPRegen  0.13/turn              o - ring of magical power
MPRegen  0.15/turn              (no ring)

@: no status effects
A: small, nightstalker 3
a: Renounce Religion


You were on level 5 of the Dungeon.
You worshipped Okawaru.
Okawaru was noncommittal.
You visited 1 branch of the dungeon, and saw 5 of its levels.

You collected 290 gold pieces.

Inventory:

Hand Weapons
 a - a +1 hand crossbow
 b - a +0 short sword (weapon)
Missiles
 d - 41 bolts
 u - 4 boomerangs of dispersal
 x - 25 poisoned darts (quivered)
Armour
 c - a +0 leather armour (worn)
 j - a +0 buckler (worn)
 v - a +0 cloak (worn)
Jewellery
 i - an amulet of reflection (around neck)
 o - a ring of magical power (left hand)
 t - an uncursed ring of protection from fire
Scrolls
 e - 2 scrolls of teleportation {unknown}
 g - 6 scrolls of identify {unknown}
 h - 5 scrolls of remove curse {unknown}
 l - 3 scrolls of amnesia {unknown}
 q - 2 scrolls of enchant armour {unknown}
 s - a scroll of blinking {unknown}
 w - 2 scrolls of magic mapping {unknown}
 y - 2 scrolls of fear {unknown}
 A - a scroll of enchant weapon {unknown}
Potions
 f - 3 potions of cancellation {unknown}
 k - a potion of lignification {unknown}
 m - a potion of haste {unknown}
 n - a potion of attraction {unknown}
 p - 3 potions of berserk rage {unknown}
 r - a potion of curing {unknown}
 z - 2 potions of might
 B - a potion of brilliance {unknown}


   Skills:
 + Level 3.5 Fighting
 + Level 3.0 Short Blades
 * Level 6.3 Crossbows
 + Level 1.5 Throwing
 + Level 4.0 Dodging
 + Level 3.7 Stealth
 + Level 1.7 Shields
 + Level 1.2 Spellcasting
 + Level 1.2 Translocations
 + Level 1.3 Invocations


You had 6 spell levels left.
You knew the following spells:

 Your Spells              Type           Power        Failure   Level
a - Blink                 Tloc           N/A          47%         2

Your spell library contained the following spells:

 Spells                   Type           Power        Failure   Level
 Magic Dart               Conj           0%           52%         1
 Call Imp                 Summ           0%           65%         2
 Slow                     Hex            0%           65%         2
 Gell's Gravitas          Tloc           1%           71%         3
 Confusing Touch          Hex            0%           87%         3
 Conjure Flame            Conj/Fire      0%           87%         3
 Mephitic Cloud           Conj/Pois/Air  0%           87%         3
 Petrify                  Tmut/Erth      0%           99%         4
 Metabolic Englaciation   Hex/Ice        0%           100%        5
 Yara's Violent Unravell  Hex/Tmut       0%           100%        5


Dungeon Overview and Level Annotations

Branches:
Dungeon (5/15)
 Temple: D:4-7

Altars:
Elyvilon
Okawaru
Sif Muna

Shops:
D:4 :

Annotations:
D:3 Sigmund


Innate Abilities, Weirdness & Mutations

You are small and have problems with some larger weapons.
You are completely attuned to the shadows.


Message History

You block the sky beast's attack.
You hit the sky beast but do no damage.
The sky beast is heavily wounded.
The sky beast flickers out of sight!
Deactivating autopickup; reactivate with Ctrl-A.
Something hits you. Something shocks you.
You barely miss something. You block something's attack.
You barely miss something. Something hits you. Something shocks you.
You barely miss something. Something hits you but does no damage.
You miss something. Something hits you. Something shocks you.
* * * LOW HITPOINT WARNING * * *
You hit something. You block something's attack.
You hit something. Something hits you.
* * * LOW HITPOINT WARNING * * *
Something shocks you.
* * * LOW HITPOINT WARNING * * *
You miss something. Something hits you.
* * * LOW HITPOINT WARNING * * *
Something shocks you.
You die...

######.##...##.....#
####...#......#
.......#......#
..Y....#......#
......(#......#
.......#......#
.......#......#
......{#......#
......@#......#
########......#
########


There were no monsters in sight!

Vanquished Creatures
  2 ogres
  A bullfrog (D:5)
  A scorpion (D:3)
  A hound (D:4)
  A worker ant (D:4)
  3 gnolls (D:3)
  8 adders
  A white imp (D:5)
  A worm (D:2)
  4 dart slugs
  6 leopard geckos
  3 orcs
  3 ball pythons (D:3)
  4 giant cockroaches
  10 goblins
  10 hobgoblins
  2 jackals (D:5)
  6 kobolds
  2 quokkas
  5 bats (D:1)
  7 frilled lizards
  A quokka skeleton (D:5)
  6 rats
88 creatures vanquished.

Notes
Turn   | Place    | Note
-------+----------+-------------------------------------------
     0 | D:1      | phalm the Kobold Hunter began the quest for the Orb.
     0 | D:1      | Reached XP level 1. HP: 12/12 MP: 1/1
   296 | D:1      | Reached skill level 5 in Crossbows
   296 | D:1      | Reached XP level 2. HP: 18/18 MP: 2/2
   622 | D:1      | Reached XP level 3. HP: 20/22 MP: 3/3
   637 | D:1      | Reached skill level 1 in Short Blades
  1415 | D:2      | Reached XP level 4. HP: 27/27 MP: 4/4
  1860 | D:3      | Reached skill level 1 in Shields
  1860 | D:3      | Reached XP level 5. HP: 30/31 MP: 5/5
  2192 | D:3      | Found an iron altar of Okawaru.
  2197 | D:3      | Became a worshipper of Warmaster Okawaru
  2273 | D:3      | Found a white marble altar of Elyvilon.
  2273 | D:3      | Found a shimmering blue altar of Sif Muna.
  2293 | D:3      | Noticed Sigmund
  2665 | D:3      | Learned a level 2 spell: Blink
  3657 | D:4      | Reached XP level 6. HP: 20/37 MP: 6/6
  3929 | D:4      | Found Umealo's Book Emporium.
  3930 | D:4      | Noticed an ogre
  3952 | D:4      | Killed an ogre
  3953 | D:4      | Reached skill level 6 in Crossbows
  3953 | D:4      | Reached skill level 1 in Throwing
  4769 | D:4      | Reached XP level 7. HP: 41/41 MP: 8/8
  5355 | D:5      | Entered Level 5 of the Dungeon
  5431 | D:5      | Reached skill level 1 in Spellcasting
  5431 | D:5      | Reached skill level 1 in Translocations
  5564 | D:5      | Reached skill level 1 in Invocations
  6131 | D:5      | Slain by a sky beast

Illustrated notes

Levels and vault maps discovered:
D:1:      dpeg_arrival_fog, layout_rooms, minmay_pentomino_v2
D:2:      layout_basic
D:3:      minmay_angry_zag, layout_rooms, gammafunk_temple_overflow_wave,
          okawaru_altar_gauntlet_db, st_stairs_2, chequers_avenue, minivault_11,
          uniq_sigmund
D:4:      layout_basic, serial_shops, shop
D:5:      layout_gridville, serial_shops,
          nicolae_shop_competitors_out_of_business, uniq_menkaure

Skill      XL: |  1  2  3  4  5  6  7 |
---------------+----------------------+-----
Crossbows      | 5 6 |  6.3
Stealth        | 2 3 |  3.7
Short Blades   | 1 2 3 |  3.0
Dodging        | 3 4 |  4.0
Shields        | 1 |  1.7
Fighting       | 3 |  3.5
Throwing       | 1 |  1.5
Spellcasting   | 1 |  1.2
Translocations | 1 |  1.2
Invocations    | 1 |  1.3

Action                   |  1- 3 |  4- 6 |  7- 9 || total
-------------------------+-------+-------+-------++-------
Melee: Short sword       |    94 |   162 |    59 ||   315
 Fire: Hand crossbow     |    22 |    32 |       ||    54
Throw: Dart              |       |    13 |    11 ||    24
       Boomerang         |       |     2 |     1 ||     3
 Stab: Sleeping          |     7 |    11 |     2 ||    20
       Distracted        |       |       |     1 ||     1
Armor: Leather armour    |    14 |    24 |     6 ||    44
Dodge: Dodged            |    61 |    89 |    21 ||   171
Block: Other             |     3 |       |       ||     3
       Buckler           |    35 |    79 |    26 ||   140
       Reflection        |     1 |     7 |     2 ||    10
